 Dungeon Crawl Stone Soup version 0.17.1-2-g5865329 (webtiles) character file.

7343 Mysteryquy the Bludgeoner (level 11, -1/118 (119) HPs)
             Began as an Ogre Fighter on Jan 12, 2016.
             Was a High Priest of Okawaru.
             Slain by a four-headed hydra (2 damage)
             ... on level 11 of the Dungeon.
             The game lasted 00:25:18 (11257 turns).

Mysteryquy the Bludgeoner (Ogre Fighter)           Turns: 11257, Time: 00:25:18

HP:   -1/118 (119)  AC:  3    Str: 30      XL:     11   Next: 13%
MP:   11/11         EV: 10    Int:  7      God:    Okawaru [*****.]
Gold: 575           SH:  0    Dex:  7 (9)  Spells: 0 memorised, 10 levels left

rFire  + . .     SeeInvis .     x - +1 giant spiked club
rCold  . . .     Clarity  .     z - +0 robe of Greed {Str+4} (curse)
rNeg   + . .     SustAt   .     (shield currently unavailable)
rPois  .         Gourm    .     (helmet restricted)
rElec  .         Spirit   .     (no cloak)
rCorr  .         Warding  .     (gloves unavailable)
rMut   .         Rnd*Tele +     (boots unavailable)
MR     +....                    w - amulet of regeneration
Stlth  +.........               y - ring of teleportation (curse)
                                K - ring of Aliecag {rF+ rN+}

@: somewhat resistant to hostile enchantments, very unstealthy
A: unfitting armour, tough skin 1
a: Heroism, Finesse, Renounce Religion, Evoke Teleportation


You were on level 11 of the Dungeon.
You worshipped Okawaru.
Okawaru was extremely pleased with you.
You were very hungry.

You visited 2 branches of the dungeon, and saw 12 of its levels.

You collected 575 gold pieces.

Inventory:

Hand Weapons
 a - a +0 flail
 x - a +1 giant spiked club (weapon)
Armour
 b - a +0 robe
 c - a +0 shield
 z - the cursed +0 robe of Greed (worn) {Str+4}
   (You found it on level 4 of the Dungeon)

   It affects your strength (+4).
   It has a curse placed upon it.
Jewellery
 o - an uncursed ring of magical power
 u - an uncursed amulet of resist mutation
 w - an amulet of regeneration (around neck)
 y - a cursed ring of teleportation (right hand)
 G - an uncursed amulet of the gourmand {unknown}
 I - an uncursed amulet of warding {unknown}
 K - the ring of Aliecag (left hand) {rF+ rN+}
   (You found it on level 8 of the Dungeon)

   [ring of positive energy]

   It protects you from fire.
   It protects you from negative energy.
Wands
 v - a wand of disintegration (12)
 B - a wand of frost (33)
 E - a wand of paralysis (24)
 J - a wand of magic darts (25)
 P - a wand of fire (9)
Scrolls
 k - 3 scrolls of enchant weapon
 m - 4 scrolls of identify
 n - 4 scrolls of recharging
 p - 2 scrolls of teleportation
 s - 5 scrolls of enchant armour {unknown}
 t - 3 scrolls of remove curse {unknown}
 M - a scroll of random uselessness {unknown}
 N - 2 scrolls of immolation {unknown}
 Q - a scroll of torment {unknown}
Potions
 d - 3 potions of flight {unknown}
 f - 4 potions of cancellation {unknown}
 h - 2 potions of lignification {unknown}
 i - 4 potions of curing {unknown}
 j - 2 potions of haste {unknown}
 l - 2 potions of cure mutation {unknown}
 q - 3 potions of heal wounds {unknown}
 A - a potion of mutation
 C - a potion of agility {unknown}
 D - a potion of resistance
 H - a potion of degeneration
Books
 F - a book of Clouds

   Spells                             Type                      Level
   a - Mephitic Cloud                 Conjuration/Poison/Air       3
   b - Conjure Flame                  Conjuration/Fire             3
   c - Poisonous Cloud                Conjuration/Poison/Air       6
   d - Freezing Cloud                 Conjuration/Ice/Air          6
   e - Ring of Flames                 Charms/Fire                  7
Comestibles
 e - 15 bread rations
 g - 5 meat rations
 r - 8 fruits
 L - a slice of pizza


   Skills:
 + Level 10.7 Fighting
 + Level 18.0 Maces & Flails
 - Level 2.6 Dodging
 - Level 2.6 Shields


You had 10 spell levels left.
You didn't know any spells.

Dungeon Overview and Level Annotations

Branches:
Dungeon (11/15)            Temple (1/1) D:4
   Lair: D:8-11         Orc: D:9-12

Altars:
Ashenzari
Cheibriados
Dithmenos
Elyvilon
Fedhas
Gozag
Kikubaaqudgha
Makhleb
Nemelex Xobeh
Okawaru
Ru
Trog
Vehumet
Xom
Yredelemnul

Shops:
D:5 *


Innate Abilities, Weirdness & Mutations

You are too large for most types of armour.
You have tough skin (AC +1).


Message History

The four-headed hydra is severely wounded.
The four-headed hydra bites you.
* * * LOW HITPOINT WARNING * * *
The four-headed hydra bites you!
* * * LOW HITPOINT WARNING * * *
The four-headed hydra bites you.
* * * LOW HITPOINT WARNING * * *
The four-headed hydra bites you!
* * * LOW HITPOINT WARNING * * *
Read which item? (? for menu, Esc to quit)
Okay, then.
You hit the four-headed hydra.
The four-headed hydra is severely wounded.
The four-headed hydra bites you.
* * * LOW HITPOINT WARNING * * *
The four-headed hydra completely misses you.
The four-headed hydra bites you.
* * * LOW HITPOINT WARNING * * *
The four-headed hydra bites you.
You die... .'oo )8o

#. o.# #.
#
#####..##
#$ .#
........#
#. ##.#
##o##
#.#...##
##.o.##
#......#
#..o..###.
#......#
..........
#@....#
#..o..####
##D..##
##...##
...# ##.##
...# ###.#
##.# ....#
.# ##### #


You could see a four-headed hydra.

Vanquished Creatures
  The ghost of Moresty the Grappler, a novice TrMo of Makhleb (D:7)
  Pikel (D:6)
  A troll (D:9)
  Grinder (D:3)
  A two-headed ogre (D:10)
  A spriggan (D:7)
  Grum (D:8)
  4 wolves (D:8)
  A hippogriff (D:7)
  Edmund (D:5)
  A phantom (D:8)
  2 orc warriors
  2 water moccasins
  4 sky beasts
  2 necrophages
  An ice beast (D:9)
  An eye of draining (D:10)
  A black bear (D:5)
  5 centaurs
  13 ogres
  2 big kobolds
  5 giant frogs
  5 scorpions
  A centaur zombie (D:7)
  5 jellies
  2 orc priests (D:10)
  3 crimson imps
  5 hounds
  3 orc wizards (D:5)
  3 iguanas
  3 worker ants
  A killer bee zombie (D:7)
  A hound zombie (D:8)
  2 hound skeletons
  11 gnolls
  10 adders
  2 shadow imps
  An ooze (D:5)
  An adder skeleton (D:5)
  4 worms
  5 giant geckos
  24 orcs
  5 bats
  7 hobgoblins
  19 kobolds
  2 ball pythons
  6 giant cockroaches
  A giant gecko skeleton (D:5)
  7 giant newts
  6 goblins
  11 jackals
  A jackal skeleton (D:4)
  A jackal zombie (D:7)
  4 quokkas
  A quokka skeleton (D:8)
  5 rats
220 creatures vanquished.

Vanquished Creatures (others)
  A jelly (D:6)
  A worm (D:3)
2 creatures vanquished.

Grand Total: 222 creatures vanquished

Notes
Turn   | Place    | Note
--------------------------------------------------------------
     0 | D:1      | Mysteryquy the Ogre Fighter began the quest for the Orb.
     0 | D:1      | Reached XP level 1. HP: 24/24 MP: 1/1
   100 | D:1      | Reached XP level 2. HP: 25/32 MP: 2/2
   537 | D:2      | Reached XP level 3. HP: 28/39 MP: 3/3
   757 | D:2      | Reached skill level 5 in Maces & Flails
   857 | D:2      | Reached XP level 4. HP: 39/48 MP: 4/4
  1193 | D:3      | Reached skill level 6 in Maces & Flails
  1318 | D:3      | Found a radiant altar of Vehumet.
  1757 | D:3      | Noticed Grinder
  1777 | D:3      | Killed Grinder
  1777 | D:3      | Reached skill level 8 in Maces & Flails
  1777 | D:3      | Reached XP level 5. HP: 14/54 MP: 5/5
  1777 | D:3      | Reached XP level 6. HP: 16/62 MP: 6/6
  2050 | D:3      | Reached skill level 9 in Maces & Flails
  2650 | D:4      | Reached XP level 7. HP: 36/70 MP: 7/7
  2910 | D:4      | Reached skill level 10 in Maces & Flails
  3043 | D:4      | Found a staircase to the Ecumenical Temple.
  3183 | Temple   | Entered the Ecumenical Temple
  3186 | Temple   | Became a worshipper of Warmaster Okawaru
  3453 | D:4      | Reached skill level 11 in Maces & Flails
  3830 | D:4      | Got a bloodstained robe
  3841 | D:4      | Identified the cursed +0 robe of Greed {Str+4} (You found it on level 4 of the Dungeon)
  3950 | D:5      | Entered Level 5 of the Dungeon
  3967 | D:4      | Reached XP level 8. HP: 71/78 MP: 8/8
  4312 | D:5      | Reached skill level 12 in Maces & Flails
  4608 | D:5      | Reached * piety under Okawaru
  4636 | D:5      | Found Diphes's Assorted Antiques.
  4638 | D:5      | Noticed Edmund
  4652 | D:5      | Killed Edmund
  4652 | D:5      | Reached skill level 13 in Maces & Flails
  5094 | D:5      | Found an iron altar of Okawaru.
  5184 | D:6      | Reached XP level 9. HP: 84/84 MP: 9/9
  5241 | D:6      | Reached skill level 14 in Maces & Flails
  5327 | D:6      | Reached ** piety under Okawaru
  5346 | D:6      | Noticed Pikel
  5365 | D:6      | Killed Pikel
  5365 | D:6      | Reached skill level 5 in Fighting
  5397 | D:6      | Reached skill level 15 in Maces & Flails
  6013 | D:7      | Found a burning altar of Makhleb.
  6142 | D:7      | Noticed Moresty's ghost (novice TrMo)
  6185 | D:7      | Killed Moresty's ghost
  6185 | D:7      | Reached *** piety under Okawaru
  6185 | D:7      | Reached skill level 16 in Maces & Flails
  6185 | D:7      | Reached XP level 10. HP: 56/99 MP: 10/10
  7648 | D:8      | Got a shimmering golden ring
  7809 | D:8      | Reached **** piety under Okawaru
  7815 | D:8      | You fall through a shaft for 3 floors!
  7828 | D:10     | Entered Level 10 of the Dungeon
  7836 | D:10     | Reached skill level 17 in Maces & Flails
  7959 | D:10     | Noticed a hill giant
  7976 | D:11     | Noticed a green ugly thing
  8474 | D:8      | Noticed Grum
  8508 | D:8      | HP: 5/106 [wolf[Grum] (2)]
  9317 | D:8      | Killed Grum
  9742 | D:9      | Identified the ring of Aliecag {rF+ rN+} (You found it on level 8 of the Dungeon)
  9882 | D:9      | Reached skill level 10 in Fighting
 10368 | D:10     | Reached XP level 11. HP: 107/116 MP: 11/11
 11062 | D:10     | Reached ***** piety under Okawaru
 11163 | D:11     | Reached skill level 18 in Maces & Flails
 11251 | D:11     | Noticed a four-headed hydra
 11256 | D:11     | HP: 5/118 [four-headed hydra (7)]
 11257 | D:11     | HP: 1/118 [four-headed hydra (3)]
 11257 | D:11     | Slain by a four-headed hydra

Action                   |  1- 3 |  4- 6 |  7- 9 | 10-12 || total
-------------------------+-------+-------+-------+-------++-------
Melee: Flail             |   124 |   111 |     3 |       ||   238
       Giant spiked club |       |       |   172 |   202 ||   374
  Use: Potion            |       |     1 |     2 |     2 ||     5
       Scroll            |       |       |       |     6 ||     6
  Eat: Chunk             |       |     5 |    12 |    13 ||    30
       Beef jerky        |       |       |       |     2 ||     2
